 Dungeon Crawl Stone Soup version 0.24.0-123-gd5b16e6ec5 (webtiles) character file.

Game seed: 15738503502584810823, levelgen mode: deterministic

93 Johnny the Digger (level 4, -4/33 HPs)
             Began as a Demigod Earth Elementalist on Jan 30, 2020.
             Killed by nerve-wracking pain
             ... invoked by Grinder
              (10 damage)
             ... on level 3 of the Dungeon.
             The game lasted 00:02:56 (1981 turns).

Johnny the Digger (Demigod Earth Elementalist)      Turns: 1981, Time: 00:02:56

Health: -4/33      AC:  3    Str: 11    XL:     4   Next: 15%
Magic:  6/11       EV: 18    Int: 21    God:
Gold:   102        SH:  0    Dex: 21    Spells: 8/9 levels left

rFire    . . .     SeeInvis .   (no weapon)
rCold    + . .     Gourm    .   (no shield)
rNeg     . . .     Faith    .   c - +1 robe
rPois    .         Spirit   .   (no helmet)
rElec    .         Reflect  .   (no cloak)
rCorr    .         Harm     .   (no gloves)
MR       .....                  (no boots)
Stlth    +++.......             (no amulet)
HPRegen  0.11/turn              (no ring)
MPRegen  0.12/turn              (no ring)

@: agile
A: cold resistance 1, high mp 1, screaming 1
a: no special abilities


You were on level 3 of the Dungeon.
You were not hungry.

You visited 1 branch of the dungeon, and saw 3 of its levels.

You collected 102 gold pieces.

Inventory:

Missiles
 b - 40 stones (quivered)
Armour
 c - a +1 robe (worn)
Jewellery
 a - an uncursed ring of fire
Potions
 g - 3 potions of might
Comestibles
 d - 5 rations


   Skills:
 - Level 1.7 Dodging
 - Level 1.7 Stealth
 + Level 3.0 Spellcasting
   Level 0.8 Transmutations
 + Level 3.8 Earth Magic


You had 8 spell levels left.
You knew the following spells:

 Your Spells              Type           Power        Failure   Level  Hunger
a - Sandblast             Erth           ###...       2%          1    None

Your spell library contained the following spells:

 Spells                   Type           Power        Failure   Level  Hunger
 Passwall                 Tmut/Erth      ##......     8%          2    ##.....
 Stone Arrow              Conj/Erth      ##....       19%         3    ###....
 Petrify                  Tmut/Erth      ##......     45%         4    ####...
 Lee's Rapid Deconstruct  Erth           ###.......   58%         5    ######.


Dungeon Overview and Level Annotations

Branches:
Dungeon (3/15)

Annotations:
D:2 Terence
D:3 Grinder


Innate Abilities, Weirdness & Mutations

You have an increased reservoir of magic. (+10% MP)
Your flesh is cold resistant. (rC+)
You occasionally shout uncontrollably at your foes.


Message History

Grinder barely misses you.
Unknown command.
Casting: Sandblast (safe; 2% risk of failure)
Confirm with . or Enter, or press ? or * to list all spells.
Aiming: Sandblast (safe; 2% risk of failure)
Press: ? - help, Shift-Dir - straight line, f - Grinder
Aim: Grinder The blast of sand hits Grinder!
Grinder is moderately wounded.
b - 40 stones Grinder hits you.
* * * LOW HITPOINT WARNING * * *
You writhe in agony.
* * * LOW HITPOINT WARNING * * *
Okay, then.
You feel better.
Grinder says, "I used to sell toenails on the black market."
Grinder gestures at you. Pain shoots through your body!
You die...

#####..#.#.#.#.#...#.#.#
####..#................
#.........#.#.....#.#.
#..........#.#.###.#.#
#.##..######.#.......# #
#.. #.#######.#.# ...#
##.## ####.#.# ....
###...###......# #..#.
#E#..@#E##.#))##. .....
.###..5####.#.....#
...............(...#
......_......#.....#
.............#.......
..###...###........##. #
#E#...#E#.........
###...###..........
...... .#..##.#.#


You could see an earth elemental, a water elemental, Grinder, a fire elemental
and an air elemental.

Vanquished Creatures
  An orc priest (D:3)
  An adder (D:2)
  An ooze (D:3)
  A worm (D:2)
  3 leopard geckos
  5 orcs (D:3)
  A ball python (D:3)
  A giant cockroach (D:3)
  4 goblins
  5 hobgoblins
  6 kobolds
  6 bats
  8 rats
43 creatures vanquished.

Notes
Turn   | Place    | Note
-------+----------+-------------------------------------------
     0 | D:1      | Johnny the Demigod Earth Elementalist began the quest for
                  | the Orb.
     0 | D:1      | Reached XP level 1. HP: 14/14 MP: 5/5
   592 | D:1      | Reached XP level 2. HP: 18/20 MP: 0/7
  1266 | D:2      | Reached XP level 3. HP: 25/26 MP: 4/9
  1337 | D:2      | Noticed Terence
  1710 | D:2      | Found a bloodstained altar of Trog.
  1830 | D:3      | HP: 1/26 [orc/+0 whip (6)]
  1836 | D:3      | Gained mutation: You occasionally shout uncontrollably at
                  | your foes. [potion of mutation]
  1836 | D:3      | Gained mutation: Your flesh is cold resistant. (rC+)
                  | [potion of mutation]
  1865 | D:3      | Reached XP level 4. HP: 21/33 MP: 5/11
  1966 | D:3      | Noticed Grinder
  1968 | D:3      | Noticed an air elemental
  1970 | D:3      | Found a stormy altar of Qazlal.
  1972 | D:3      | Noticed a water elemental
  1972 | D:3      | Noticed a fire elemental
  1972 | D:3      | Noticed an earth elemental
  1980 | D:3      | HP: 1/33 [Grinder (3)]
  1981 | D:3      | Killed from afar by Grinder

Levels and vault maps discovered:
D:1:      minmay_arrival_four_houses, layout_basic
D:2:      layout_basic, lemuel_blue_sif_altar, bloody_trog, uniq_robin,
          uniq_terence
D:3:      layout_basic, nicolae_qazlal_style_of_elements, uniq_grinder

Skill      XL: |  1  2  3 |
---------------+----------+-----
Spellcasting   | 2 3 |  3.0
Earth Magic    | 3 |  3.8
Dodging        | |  1.7
Stealth        | |  1.7
Transmutations | |  0.8

Action                   |  1- 3 |  4- 6 || total
-------------------------+-------+-------++-------
Melee: Unarmed           |    68 |     1 ||    69
 Cast: Sandblast         |    52 |     8 ||    60
  Use: Scroll            |     3 |     1 ||     4
       Potion            |     5 |     3 ||     8
 Stab: Sleeping          |     1 |       ||     1
  Eat: Chunk             |     3 |       ||     3
Armor: Robe              |    18 |       ||    18
Dodge: Dodged            |    86 |     7 ||    93
